 Dungeon Crawl Stone Soup version 0.22-a0-406-g9ff8d77 (webtiles) character file.

122 KristoblXynda the Ruffian (level 4, -2/39 HPs)
             Began as a Troll Wizard on May 8, 2018.
             Killed by nerve-wracking pain
             ... invoked by Grinder
              (6 damage)
             ... while paralysed by Grinder
             ... on level 3 of the Dungeon.
             The game lasted 00:03:27 (1295 turns).

KristoblXynda the Ruffian (Troll Wizard)            Turns: 1295, Time: 00:03:28

Health: -2/39      AC:  6    Str: 15    XL:     4   Next: 78%
Magic:  6/6        EV:  1    Int: 20    God:
Gold:   39         SH:  0    Dex:  8    Spells: 6/7 levels left

rFire    . . .     SeeInvis .     - Unarmed
rCold    . . .     Gourm    +   (no shield)
rNeg     + . .     Faith    +   o - +1 robe {rN+}
rPois    .         Spirit   .   b - +0 hat
rElec    .         Reflect  .   (no cloak)
rCorr    .         Harm     .   (gloves unavailable)
MR       .....                  (boots unavailable)
Stlth    +.........             j - amulet of faith
HPRegen  0.53/turn              p - +5 ring of intelligence
MPRegen  0.10/turn              (no ring)

@: paralysed
A: large, unfitting armour, claws 3, fast metabolism 3, gourmand, regeneration
1, shaggy fur 1, tough skin 2
a: no special abilities


You were on level 3 of the Dungeon.
You were very full.

You visited 1 branch of the dungeon, and saw 3 of its levels.

You collected 39 gold pieces.

Inventory:

Armour
 b - a +0 hat (worn)
 o - a +1 robe of positive energy (worn)
Jewellery
 j - an amulet of faith (around neck)
 p - a +5 ring of intelligence (left claw)
Scrolls
 a - a scroll of noise {unknown}
 f - a scroll of blinking {unknown}
 h - a scroll of enchant weapon {unknown}
 l - 2 scrolls of remove curse {unknown}
 m - a scroll of immolation {unknown}
 n - a scroll of fog {unknown}
Potions
 e - a potion of agility
Comestibles
 d - 7 rations


   Skills:
 - Level 1.5 Dodging
 - Level 1.0 Stealth
 * Level 3.0 Unarmed Combat
 - Level 2.0 Spellcasting
 * Level 2.4 Conjurations
   Level 0.6 Summonings
   Level 0.6 Translocations


You had 6 spell levels left.
You knew the following spells:

 Your Spells              Type           Power        Failure   Level  Hunger
a - Magic Dart            Conj           ##..         6%          1    #......


Dungeon Overview and Level Annotations

Branches:
Dungeon (3/15)

Altars:

Annotations:
D:3 Grinder


Innate Abilities, Weirdness & Mutations

You are too large for most types of armour.
You have claws for hands.
Your metabolism is lightning-fast.
You like to eat raw meat.
Your natural rate of healing is unusually fast.
You are covered in fur. (AC +1)
You have very tough skin. (AC +2)


Message History

* * * LOW HITPOINT WARNING * * *
You writhe in agony.
* * * LOW HITPOINT WARNING * * *
You scratch Grinder.
Grinder is severely wounded.
Grinder hits you.
* * * LOW HITPOINT WARNING * * *
You scratch Grinder.
Grinder is severely wounded.
Grinder closely misses you.
You closely miss Grinder.
Grinder is severely wounded.
Grinder barely misses you.
You scratch Grinder.
Grinder is almost dead.
Grinder gestures at you.
You suddenly lose the ability to move!
Grinder gestures at you. Pain shoots through your body!
You die...

... #........##.
...####+#........#
#...........####
#...........#####+
#.....†!.<........
#..........##.....
#..........# .....
#...5......# ....
#...@..##### ....
#......# .o$
#......# #####'##
#.# #+#


You could see Grinder.

Vanquished Creatures
  An orc wizard (D:2)
  Jessica (D:2)
  An adder (D:2)
  An ooze (D:1)
  A worm (D:2)
  A dart slug (D:1)
  A leopard gecko (D:2)
  4 orcs (D:2)
  A giant cockroach (D:1)
  4 goblins
  7 hobgoblins
  2 jackals (D:1)
  2 quokkas (D:2)
  2 ball pythons (D:1)
  3 bats
  3 frilled lizards (D:2)
  6 kobolds
  4 rats (D:1)
  A plant (D:2)
46 creatures vanquished.

Notes
Turn   | Place    | Note
-------+----------+-------------------------------------------
     0 | D:1      | KristoblXynda the Troll Wizard began the quest for the Orb.
     0 | D:1      | Reached XP level 1. HP: 16/16 MP: 2/2
   140 | D:1      | Reached skill level 1 in Conjurations
   147 | D:1      | Reached skill level 1 in Unarmed Combat
   180 | D:1      | Reached XP level 2. HP: 24/24 MP: 4/4
   518 | D:2      | Reached XP level 3. HP: 30/31 MP: 5/5
   540 | D:2      | Reached skill level 2 in Unarmed Combat
   690 | D:2      | Reached XP level 4. HP: 39/39 MP: 6/6
   747 | D:2      | Noticed Jessica
   763 | D:2      | Killed Jessica
   768 | D:2      | Identified Jessica's Incunabulum of Hexes
   869 | D:2      | Reached skill level 3 in Unarmed Combat
  1177 | D:3      | Noticed Grinder
  1294 | D:3      | Paralysed by Grinder for 7 turns
  1295 | D:3      | Killed from afar by Grinder

Vault maps used:
D:1:      minmay_arrival_widening_spiral_wide, minmay_hexomino_p4
D:2:      cheibrodos_old_hovel, kennysheep_jessica_study
D:3:      elyvilon_altar_5, uniq_grinder

Skill      XL: |  1  2  3  4 |
---------------+-------------+-----
Conjurations   | 1 2 |  2.4
Unarmed Combat | 1 2 3 |  3.0
Dodging        | |  1.5
Stealth        | |  1.0
Spellcasting   | |  2.0
Summonings     | |  0.6
Translocations | |  0.6

Action                   |  1- 3 |  4- 6 || total
-------------------------+-------+-------++-------
Melee: Unarmed           |   101 |    63 ||   164
  Use: Scroll            |       |     3 ||     3
       Potion            |       |     1 ||     1
 Stab: Sleeping          |     1 |     1 ||     2
  Eat: Chunk             |    12 |     5 ||    17
Armor: Robe              |    23 |    24 ||    47
Dodge: Dodged            |    36 |    20 ||    56

Table legend:
 A = Spawn XP
 B = Non-spawn XP
 C = Spawn XP percentage of total XP
 D = Spawn monster count
 E = Non-spawn monster count
 F = Spawn count percentage of total count
 G = Total turns spent on level
                    A         B        C        D         E        F      G
               +---------+---------+-------+---------+---------+-------+---------
         Total |       0 |     175 |   0.0 |       0 |      45 |   0.0 |  1295
               +---------+---------+-------+---------+---------+-------+---------
           D:1 |       0 |      38 |   0.0 |       0 |      20 |   0.0 |   493
           D:2 |       0 |     133 |   0.0 |       0 |      23 |   0.0 |   727
           D:3 |       0 |       4 |   0.0 |       0 |       2 |   0.0 |    75
               +---------+---------+-------+---------+---------+-------+---------
